 Dungeon Crawl Stone Soup version 0.17.2-1-ge4368a0 (webtiles) character file.

32 rlgrobin the Stinger (level 3, -1/16 HPs)
             Began as a Vine Stalker Venom Mage on Apr 21, 2017.
             Slain by an adder (2 damage)
             ... on level 2 of the Dungeon.
             The game lasted 00:02:38 (1120 turns).

rlgrobin the Stinger (Vine Stalker Venom Mage)      Turns: 1120, Time: 00:02:38

Health: -1/16      AC:  3    Str: 10    XL:     3   Next: 25%
Magic:  0/7        EV: 11    Int: 15    God:
Gold:   120        SH:  0    Dex: 15    Spells: 2 memorised, 3 levels left

rFire  . . .     SeeInvis .     (no weapon)
rCold  . . .     Clarity  .     i - +0 leather armour
rNeg   . . .     SustAt   .     (no shield)
rPois  .         Gourm    .     (no helmet)
rElec  .         Spirit   +     (no cloak)
rCorr  .         Warding  .     (no gloves)
rMut   .         Stasis   .     (no boots)
MR     .....                    (no amulet)
Stlth  ++........               (no ring)
                                (no ring)

@: not resistant to hostile enchantments, unstealthy
A: fangs 2, regeneration 1, magic shield, antimagic bite, no device heal 3, rot
immunity
a: no special abilities


You were on level 2 of the Dungeon.
You were very hungry.

You visited 1 branch of the dungeon, and saw 2 of its levels.

You collected 120 gold pieces.


Innate Abilities, Weirdness & Mutations

You have extremely sharp teeth.
Your natural rate of healing is unusually fast.
When hurt, damage is shared between your health and your magic reserves.
Your bite disrupts and absorbs the magic of your enemies.
Potions and wands cannot restore your health.
You are immune to rotting.


   Skills:
 + Level 1.7 Maces & Flails
 - Level 1.5 Dodging
 - Level 2.4 Stealth
 - Level 2.1 Spellcasting
 - Level 4.4 Poison Magic


You had 3 spell levels left.
You knew the following spells:

 Your Spells              Type           Power        Failure   Level  Hunger
z - Sting                 Conj/Pois      #...         14%         1    #......
Z - Cure Poison           Pois           ###.......   10%         2    ###....

Inventory:

Hand Weapons
 d - a +0 club
Armour
 a - a +0 robe
 i - a +0 leather armour (worn)
Scrolls
 e - 3 scrolls of enchant weapon {unknown}
 g - a scroll of enchant armour {unknown}
 h - a scroll of fear {unknown}
Books
 b - a Young Poisoner's Handbook

   Spells                             Type                      Level
   a - Sting                          Conjuration/Poison           1
   b - Cure Poison                    Poison                       2
   c - Mephitic Cloud                 Conjuration/Poison/Air       3
   d - Olgreb's Toxic Radiance        Poison                       4
   e - Venom Bolt                     Conjuration/Poison           5
Comestibles
 c - 2 bread rations
 f - 2 royal jellies

Dungeon Overview and Level Annotations

Branches:
Dungeon (2/15)

Altars:

▒▒▒▒▒▒▒▒▒▒▒▒
▒..........▒▒▒▒▒
▒.▒▒▒▒▒▒▒▒.▒...▒▒▒▒▒▒▒▒▒▒
▒.▒ ▒.▒.▒.S.g......▒ ▒.▒
▒.▒..S▒▒▒▒▒▒▒▒.▒ ▒.▒
▒.▒▒f▒▒ ▒.▒
▒▒▒▒.▒▒▒▒▒▒▒▒.▒▒.▒ ▒.▒
▒.▒.▒.▒.▒.▒.▒.▒..▒
▒g▒▒▒▒▒.
..>............>.▒
▒.......
▒.▒.▒.▒.▒.▒.▒.▒▒▒▒
▒▒▒▒g▒.. .........).....▒
▒▒▒.▒▒
▒.▒.▒.▒.▒.▒.▒.▒▒▒..
▒▒.S▒▒
!.................▒
▒..g.▒
▒.▒.▒.▒.▒.▒.▒.▒....
..........▒


You could see 2 adders.


Message History

You feel sick!
The adder looks more healthy!
The adder barely misses you!
You take 1 damage, and have 1/16 hp! * * * don't die
* * * You feel sick!
The adder barely misses you!
You take 1 damage, and have 1/16 hp!
Aiming: Sting
Aim: an adder (severely wounded)
The sting hits the adder!
The adder appears unharmed!
The adder is lightly wounded!
The adder completely misses you!
You now have 0/7 mp!
Drop what? 9/52 slots (_ for help) (? for menu, Esc to quit)
Okay, then!
The adder barely misses you! * * * don't die
* * * You feel sick!
You take 1 damage, and have 1/16 hp!
Aiming: Sting
Aim: an adder (severely wounded)
The sting hits the adder!
The adder is poisoned!
The adder is moderately wounded!
The adder completely misses you!
You now have 0/7 mp!
The adder closely misses you! * * * don't die
* * * You feel sick!
You are no longer poisoned!
You take 1 damage, and have 1/16 hp!
The adder looks more healthy!
The adder bites you! rip

Action                   || total
-------------------------++-------
Melee: Unarmed           ||    25
       Club              ||    80
 Cast: Sting             ||    10
       Cure Poison       ||     1
 Stab: Sleeping          ||     1

Vault maps used:
D:1:      elethiomel_arrival_infinity_welcomes_careful_drivers,
          solitary_fountain
D:2:      minitemple, nicolae_overflow_crystal_walls, minmay_misc_feat_chi,
          st_stairs_11

Notes
Turn   | Place    | Note
--------------------------------------------------------------
     0 | D:1      | rlgrobin the Vine Stalker Venom Mage began the quest for the Orb.
     0 | D:1      | Reached XP level 1. HP: 9/9 MP: 4/4
   160 | D:1      | Reached XP level 2. HP: 4/13 MP: 1/6
   333 | D:1      | Reached skill level 1 in Maces & Flails
   793 | D:1      | Reached XP level 3. HP: 14/16 MP: 7/7
   977 | D:2      | Learned a level 2 spell: Cure Poison
  1100 | D:2      | HP: 1/16 [poisoned by an adder]
  1106 | D:2      | HP: 1/16 [poisoned by an adder]
  1114 | D:2      | HP: 1/16 [poisoned by an adder]
  1120 | D:2      | Slain by an adder

Vanquished Creatures
  4 bats
  2 giant cockroaches
  3 goblins
  7 hobgoblins
  3 kobolds (D:1)
  2 giant newts (D:1)
  8 rats
29 creatures vanquished.
